 Dungeon Crawl Stone Soup version 0.24-a0-441-g27f0392e16 (webtiles) character file.

Game seed: 1133736953284835892

8421 tilp the Fighter (level 11, -2/101 HPs)
             Began as a Hill Orc Necromancer on June 18, 2019.
             Was a Priest of Kikubaaqudgha.
             Slain by a two-headed ogre
             ... wielding a cursed +0 giant spiked club
              (9 damage)
             ... on level 1 of the Orcish Mines on June 20, 2019.
             The game lasted 00:57:06 (16101 turns).

tilp the Fighter (Hill Orc Necromancer)            Turns: 16101, Time: 00:57:07

Health: -2/101     AC:  7    Str: 15    XL:     11   Next: 30%
Magic:  9/20       EV: 11    Int: 22    God:    Kikubaaqudgha [***...]
Gold:   65         SH:  0    Dex: 11    Spells: 8/22 levels left

rFire    . . .     SeeInvis .   a - +0 trident (pain)
rCold    . . .     Gourm    .   (no shield)
rNeg     . . .     Faith    .   s - +1 leather armour {MR+}
rPois    .         Spirit   .   D - +0 helmet
rElec    .         Reflect  .   B - +0 cloak
rCorr    .         Harm     .   (no gloves)
MR       +....                  x - +0 pair of boots
Stlth    +.........             (no amulet)
HPRegen  0.26/turn              C - +4 ring of intelligence
MPRegen  0.17/turn              L - +3 ring of strength

@: studying Summonings, very heavily drained
A: no striking features
a: Receive Corpses, Renounce Religion


You were on level 1 of the Orcish Mines.
You worshipped Kikubaaqudgha.
Kikubaaqudgha was most pleased with you.
You were not hungry.

You visited 4 branches of the dungeon, and saw 14 of its levels.
You also visited: Sewer, Ossuary and Bailey.

You collected 577 gold pieces.
You spent 512 gold pieces at shops.

Inventory:

Hand Weapons
 a - a +0 trident of pain (weapon)
 b - the +6 dagger of Diet Blood {speed, Str-2 Dex+2 SInv}
   (You found it on level 5 of the Dungeon)

   Attacks with this weapon are significantly faster.
   It affects your strength (-2).
   It affects your dexterity (+2).
   It lets you see invisible.
 f - a +0 morningstar of protection
 z - a +0 war axe
 I - a +0 dagger of speed
 T - a cursed +5 great sword
Missiles
 d - 2 curare-tipped darts
 k - 14 boomerangs (quivered)
 y - 34 poisoned darts
 Q - a throwing net
Armour
 s - a +1 leather armour of magic resistance (worn)
 x - a +0 pair of boots (worn)
 B - a +0 cloak (worn)
 D - a +0 helmet (worn)
Magical Staves
 w - an uncursed staff of power {unknown}
Jewellery
 C - a +4 ring of intelligence (left hand)
 E - an uncursed ring of magical power
 K - an uncursed ring of protection from magic
 L - a +3 ring of strength (right hand)
Wands
 M - a wand of iceblast (2)
 N - a wand of polymorph (6)
 R - a wand of clouds (3)
 U - a wand of flame (16)
 V - a wand of digging (5)
Scrolls
 e - a scroll of remove curse
 g - 4 scrolls of fog
 h - 5 scrolls of enchant weapon
 t - 2 scrolls of teleportation
 F - a scroll of amnesia {unknown}
 H - 3 scrolls of blinking
 J - 2 scrolls of holy word
 O - a scroll of magic mapping
 P - a scroll of fear
Potions
 j - 2 potions of might
 l - a potion of curing
 m - 2 potions of flight
 n - 2 potions of resistance
 o - a potion of magic
 q - 2 potions of cancellation
 r - a potion of heal wounds
 v - 3 potions of lignification
 G - 2 potions of berserk rage
 S - a potion of haste {unknown}
Books
 A - a manual of Summonings
Comestibles
 c - 12 rations


   Skills:
 + Level 10.8(5.8) Fighting
 - Level 4.4(0.2) Dodging
 + Level 3.6(0.0) Stealth
 - Level 6.0(1.5) Spellcasting
 - Level 4.1(0.0) Charms
 - Level 10.0(5.1) Necromancy
 + Level 3.3(0.0) Evocations


You had 8 spell levels left.
You knew the following spells:

 Your Spells              Type           Power        Failure   Level  Hunger
a - Pain                  Necr           ###.         2%          1    #......
b - Animate Skeleton      Necr           N/A          2%          1    #......
c - Vampiric Draining     Necr           ###.......   6%          3    ###....
d - Animate Dead          Necr           N/A          22%         4    #####..
e - Regeneration          Chrm/Necr      ##........   19%         3    ###....
f - Corpse Rot            Necr           N/A          3%          2    ###....

Your spell library contained the following spells:

 Spells                   Type           Power        Failure   Level  Hunger
 Sublimation of Blood     Necr           ###.......   3%          2    ###....
 Dispel Undead            Necr           ###.....     52%         5    ######.
 Borgnjor's Vile Clutch   Necr/Erth      ##........   86%         5    ######.
 Death Channel            Necr           ###.......   97%         6    #######
 Simulacrum               Ice/Necr       ##........   100%        6    #######


Dungeon Overview and Level Annotations

Branches:
Dungeon (11/15)            Temple (1/1) D:6            Lair (1/6) D:10
    Orc (1/2) D:9

Altars:
Kikubaaqudgha
Qazlal
Ru
Trog
Vehumet
Xom
Yredelemnul
The Shining One

Shops:
D:4 (   D:10 =?

Annotations:
D:4 Grinder
D:6 Menkaure, Sigmund
D:10 1 runed translucent door, Inarius's ghost, novice MiCK
D:11 Harold; emperorscorpion's ghost, journeyman VSBe


Message History

* * * LOW HITPOINT WARNING * * *
Casting: Vampiric Draining (safe; 6% risk of failure)
Confirm with . or Enter, or press ? or * to list all spells.
Aiming: Vampiric Draining (safe; 6% risk of failure)
Press: ? - help, Shift-Dir - straight line, f/p - two-headed ogre
Aim: a two-headed ogre, wielding a +0 giant spiked club and a +0 giant club (heavily wounded)
The two-headed ogre is severely wounded.
You feel life coursing into your body.
Casting: Vampiric Draining (safe; 6% risk of failure)
Confirm with . or Enter, or press ? or * to list all spells.
Aiming: Vampiric Draining (safe; 6% risk of failure)
Press: ? - help, Shift-Dir - straight line, f/p - two-headed ogre
Aim: a two-headed ogre, wielding a +0 giant spiked club and a +0 giant club (severely wounded)
The two-headed ogre is almost dead.
You feel life coursing into your body.
The two-headed ogre hits you with a cursed +0 giant spiked club!!
* * * LOW HITPOINT WARNING * * *
The two-headed ogre hits you with a +0 giant club!
You die...
Kikubaaqudgha rasps: "You have failed me!
Welcome... death!"

.....###......
............. #
.#.......... ..
..........$ ...
.....>...$ ....
$........#...
.......O.§#..##
.......@°°....#
..........☼..##
...##.....#°##
. #...##....
##.## ..# . ##
##


You could see a two-headed ogre.

Vanquished Creatures
  An unseen horror (D:10)
  An orc knight (D:7)
  2 trolls (D:9)
  Prince Ribbit (D:5)
  4 hippogriffs
  4 yaks (D:10)
  Eustachio (D:6)
  A hungry ghost (D:10)
  A warg (D:9)
  2 water moccasins (D:10)
  An orc warrior (Bailey)
  4 sky beasts
  2 ice beasts
  A wolf (D:10)
  4 ogres
  A phantom (D:10)
  A centaur (D:5)
  6 bullfrogs
  3 elf zombies (Ossuary)
  A scorpion (D:7)
  4 wights (D:10)
  2 electric eels (Lair:1)
  6 howler monkeys (D:8)
  2 human zombies (Ossuary)
  A centaur zombie (Ossuary)
  3 bullfrog skeletons
  4 jellies
  4 orc priests
  3 hounds
  Jessica (D:2)
  Natasha (D:4)
  Terence (D:2)
  6 orc wizards
  5 worker ants
  A big kobold zombie (Ossuary)
  A hound zombie (D:10)
  2 mummies (Ossuary)
  2 worker ant zombies
  5 gnolls
  14 adders
  A river rat (D:3)
  2 shadow imps (D:8)
  A white imp (D:9)
  An ooze (D:1)
  4 adder zombies
  An adder skeleton (D:6)
  4 worms (D:2)
  2 dart slugs
  6 leopard geckos
  23 orcs
  4 ball pythons
  5 giant cockroaches
  9 goblins
  9 hobgoblins
  3 iguanas
  10 jackals
  3 quokkas
  8 bats
  9 frilled lizards
  A giant cockroach zombie (D:6)
  A goblin zombie (Ossuary)
  10 hobgoblin zombies
  5 kobolds
  A kobold skeleton (D:9)
  12 kobold zombies (Ossuary)
  2 orc skeletons (D:9)
  8 orc zombies
  5 rats
  A plant (Lair:1)
261 creatures vanquished.

Vanquished Creatures (collateral kills)
  A two-headed ogre (D:7)
  A centaur skeleton (D:10)
  A spiny frog (D:10)
  A hippogriff (D:7)
  A phantom (D:7)
  A wolf (D:10)
  A crimson imp (D:10)
  A bullfrog skeleton (D:4)
  A bullfrog zombie (D:9)
  2 orcs
  A giant cockroach (D:3)
  A goblin (D:3)
  An orc zombie (D:9)
14 creatures vanquished.

Grand Total: 275 creatures vanquished

Notes
Turn   | Place    | Note
-------+----------+-------------------------------------------
     0 | D:1      | tilp the Hill Orc Necromancer began the quest for the Orb.
     0 | D:1      | Reached XP level 1. HP: 14/14 MP: 3/3
    24 | D:1      | Learned a level 1 spell: Animate Skeleton
   298 | D:1      | Reached XP level 2. HP: 11/20 MP: 1/4
   603 | D:1      | You fall into a shaft and drop 1 floor!
  1142 | D:1      | Reached XP level 3. HP: 22/26 MP: 5/5
  1147 | D:1      | Learned a level 3 spell: Vampiric Draining
  1340 | D:1      | Reached skill level 5 in Necromancy
  1551 | D:2      | Noticed Terence
  1615 | D:2      | Killed Terence
  1615 | D:2      | Reached XP level 4. HP: 29/33 MP: 1/6
  2531 | D:2      | Noticed Jessica
  2543 | D:2      | Killed Jessica
  2951 | D:3      | Reached XP level 5. HP: 35/38 MP: 3/7
  3056 | D:3      | Reached skill level 1 in Fighting
  3161 | D:3      | Found a glowing drain.
  3176 | Sewer    | Entered a sewer
  3461 | Sewer    | Noticed Purgy
  3509 | D:3      | Upgraded the game from 0.24-a0-439-g6dd8730de2 to
                  | 0.24-a0-441-g27f0392e16
  3910 | D:3      | Reached XP level 6. HP: 46/51 MP: 6/8
  4972 | D:3      | Learned a level 4 spell: Animate Dead
  5445 | D:4      | Reached XP level 7. HP: 43/59 MP: 10/10
  6891 | D:4      | Found Oruvutit's Weapon Shop.
  6926 | D:4      | Noticed Natasha
  6937 | D:4      | Killed Natasha
  7132 | D:4      | Noticed Grinder
  7454 | D:5      | Entered Level 5 of the Dungeon
  7685 | D:5      | Found a shimmering altar of Xom.
  7696 | D:5      | Reached XP level 8. HP: 55/66 MP: 11/13
  7708 | D:5      | Noticed Prince Ribbit
  7746 | D:5      | Killed Prince Ribbit
  7945 | D:5      | Reached skill level 5 in Fighting
  7953 | D:5      | Got a bloodstained dagger
  8377 | D:6      | Noticed Menkaure
  8415 | D:6      | Found a staircase to the Ecumenical Temple.
  8420 | D:6      | Identified the +6 dagger of Diet Blood {speed, Str-2 Dex+2
                  | SInv} (You found it on level 5 of the Dungeon)
  8427 | Temple   | Entered the Ecumenical Temple
  8432 | Temple   | Became a worshipper of Kikubaaqudgha
  8459 | D:6      | Found a sacrificial altar of Ru.
  8613 | D:6      | Noticed Sigmund
  8806 | D:6      | Noticed Eustachio
  8817 | D:6      | Killed Eustachio
  8817 | D:6      | Reached XP level 9. HP: 64/75 MP: 15/15
  9103 | D:7      | Found a stormy altar of Qazlal.
  9205 | D:7      | Found a flagged portal.
  9248 | Bailey   | Entered a bailey
  9269 | Bailey   | Noticed an orc knight
 10002 | D:7      | Learned a level 3 spell: Regeneration
 10215 | D:7      | Killed an orc knight
 10215 | D:7      | Reached * piety under Kikubaaqudgha
 10215 | D:7      | Identified Kikubaaqudgha's Papyrus of Stolen Souls
                  | (Kikubaaqudgha gifted it to you on level 7 of the Dungeon)
 10215 | D:7      | Received a gift from Kikubaaqudgha
 10215 | D:7      | Reached skill level 10 in Necromancy
 10269 | D:7      | Noticed a two-headed ogre
 10277 | D:7      | Killed a two-headed ogre
 10277 | D:7      | Reached XP level 10. HP: 50/90 MP: 14/17
 10363 | D:7      | Learned a level 2 spell: Corpse Rot
 10501 | D:8      | Found a sand-covered staircase.
 10505 | Ossuary  | Entered an ossuary
 10780 | Ossuary  | Reached skill level 5 in Spellcasting
 10788 | Ossuary  | Reached ** piety under Kikubaaqudgha
 11958 | D:9      | Found a staircase to the Orcish Mines.
 12029 | D:9      | Found a glowing golden altar of the Shining One.
 12075 | D:9      | Reached skill level 10 in Fighting
 12611 | D:9      | Reached skill level 1 in Charms
 12700 | D:10     | Entered Level 10 of the Dungeon
 12721 | D:10     | Killed an unseen horror
 12962 | D:10     | Found a staircase to the Lair.
 13001 | D:10     | Reached *** piety under Kikubaaqudgha
 13001 | D:10     | Identified Kikubaaqudgha's Almanac of Sinister Secrets
                  | (Kikubaaqudgha gifted it to you on level 10 of the Dungeon)
 13001 | D:10     | Received a gift from Kikubaaqudgha
 13216 | D:10     | Reached skill level 1 in Evocations
 13224 | D:10     | Reached XP level 11. HP: 64/100 MP: 13/20
 13421 | D:10     | Found a runed translucent door.
 13424 | D:10     | Noticed Inarius's ghost (novice MiCK)
 13467 | D:10     | Found Ruaqe's Jewellery Emporium.
 13483 | D:10     | Bought a +4 ring of intelligence for 324 gold pieces
 13562 | D:10     | Bought a +3 ring of strength for 188 gold pieces
 13606 | D:10     | Found Janib's Magic Scroll Emporium.
 14401 | Lair:1   | Entered Level 1 of the Lair of Beasts
 14960 | D:10     | HP: 1/101 [hippogriff (9)]
 15349 | D:11     | Noticed Harold
 15391 | D:11     | Noticed a four-headed hydra
 15391 | D:11     | Noticed emperorscorpion's ghost (journeyman VSBe)
 15416 | D:11     | Noticed a manticore
 15649 | Orc:1    | Entered Level 1 of the Orcish Mines
 15649 | Orc:1    | Noticed a two-headed ogre
 16101 | Orc:1    | Slain by a two-headed ogre

Levels and vault maps discovered:
D:1:      psy_arrival_whirlpool, layout_basic
D:2:      layout_basic, uniq_terence, uniq_jessica
D:3:      layout_basic, portal_sewer_entry_a
D:4:      layout_basic, serial_shops, kennysheep_mini,
          minmay_manual_mandibuliform, uniq_grinder, uniq_natasha
D:5:      layout_rooms, first_ration, dk_xom_monty_hall, uniq_prince_ribbit1
D:6:      layout_basic, nicolae_ru_great_annihilating_truth,
          minmay_temple_entry_drinking_statues, uniq_menkaure, uniq_sigmund,
          uniq_eustachio
D:7:      layout_basic, enter_bailey_7, grunt_qazlal_clouds
D:8:      layout_basic, nicolae_ossuary_entry_false_entrances
D:9:      layout_gridville, nicolae_tso_besieged_by_evil, orc_0_dummy,
          grunt_ogre_cave, minmay_misc_feat_encased
D:10:     layout_long_grid, lair_entry_dummy, serial_shops, shop, shop_coins,
          hellmonk_ghost_happy_afterlife
D:11:     minmay_the_grid_square_5x5_4x4 [minmay_the_grid_square_5x5_shuriken,
          minmay_the_grid_square_5x5_minimal,
          minmay_the_grid_square_5x5_pentomino_r,
          minmay_the_grid_square_5x5_broken_cross,
          minmay_the_grid_square_5x5_spiral_small,
          minmay_the_grid_square_5x5_prize_monsterx,
          minmay_the_grid_square_5x5_prize_gold,
          minmay_the_grid_square_5x5_bracketed, minmay_the_grid_square_5x5_six,
          minmay_the_grid_square_5x5_prize_pseudospiral,
          minmay_the_grid_square_5x5_prize_waves,
          minmay_the_grid_square_5x5_tetrominoes,
          minmay_the_grid_square_5x5_minivault,
          minmay_the_grid_square_5x5_percent, minmay_the_grid_square_5x5_v,
          minmay_the_grid_square_5x5_intrusive_squares], layout_basic,
          gammafunk_ghost_split, uniq_harold
Temple:   regret_index_temple_chain_breaker
Lair:1:   layout_regular_city, minmay_hedge_maze, grunt_forest_large_clearings,
          serial_bayou_shore_b, lemuel_fruit_tree, infiniplex_staircase_pool
Orc:1:    layout_caves, uniq_sonja

Skill      XL: |  1  2  3  4  5  6  7  8  9 10 11 |
---------------+----------------------------------+-----
Necromancy     | 5 6 7 8 10 | 10.0
Fighting       | 3 4 6 8 10 | 10.8
Dodging        | 2 4 |  4.4
Spellcasting   | 2 3 4 6 |  6.0
Charms         | 4 |  4.1
Stealth        | 2 3 |  3.6
Evocations     | 1 3 |  3.3

Action                   |  1- 3 |  4- 6 |  7- 9 | 10-12 || total
-------------------------+-------+-------+-------+-------++-------
Melee: Spear             |    73 |    71 |       |       ||   144
       Morningstar       |       |    17 |       |       ||    17
       Trident           |       |   172 |   172 |   309 ||   653
       Dagger            |       |       |   152 |   274 ||   426
Throw: Boomerang         |       |       |     2 |     9 ||    11
       Dart              |       |       |     2 |       ||     2
 Cast: Pain              |    31 |    87 |    54 |     6 ||   178
       Animate Skeleton  |     6 |    15 |    15 |    13 ||    49
       Animate Dead      |       |     1 |     1 |     2 ||     4
       Vampiric Draining |       |       |    26 |    43 ||    69
       Regeneration      |       |       |     4 |    17 ||    21
       Corpse Rot        |       |       |       |     1 ||     1
Invok: Receive Corpses   |       |       |       |     1 ||     1
Evoke: Wand              |       |       |       |    10 ||    10
  Use: Scroll            |       |     6 |    11 |     6 ||    23
       Potion            |       |     2 |       |     7 ||     9
 Stab: Sleeping          |     2 |     4 |     7 |     4 ||    17
       Distracted        |       |     1 |       |     2 ||     3
       Invisible         |       |       |     1 |       ||     1
       Confused          |       |       |       |     1 ||     1
  Eat: Chunk             |     2 |    13 |    16 |    10 ||    41
       Ration            |       |     1 |     1 |     6 ||     8
Armor: Robe              |    19 |    14 |       |       ||    33
       Leather armour    |       |    54 |    63 |   157 ||   274
Dodge: Dodged            |    57 |   190 |   163 |   373 ||   783

Table legend:
 A = Non-vault XP
 B = Vault XP
 C = Vault XP percentage of total XP
 D = Non-vault monster count
 E = Vault monster count
 F = Vault count percentage of total count
                 A         B        C        D         E       F
            +---------+---------+-------+---------+---------+-------
      Total |    9547 |    2484 |  20.6 |     195 |      79 |  28.8
            +---------+---------+-------+---------+---------+-------
        D:1 |      36 |       0 |   0.0 |      19 |       0 |   0.0
        D:2 |      91 |      73 |  44.5 |      23 |       2 |   8.0
        D:3 |     302 |      14 |   4.4 |      35 |       2 |   5.4
        D:4 |     318 |     163 |  33.9 |      23 |       3 |  11.5
        D:5 |     505 |     361 |  41.7 |      10 |       4 |  28.6
        D:6 |     610 |     253 |  29.3 |      15 |       5 |  25.0
        D:7 |    1664 |     625 |  27.3 |      11 |       5 |  31.2
        D:8 |     728 |       0 |   0.0 |      18 |       0 |   0.0
        D:9 |    1516 |     135 |   8.2 |      14 |       9 |  39.1
       D:10 |    3671 |     194 |   5.0 |      25 |       2 |   7.4
     Lair:1 |     106 |       0 |   0.0 |       2 |       0 |   0.0
      Sewer |       0 |       4 | 100.0 |       0 |       4 | 100.0
    Ossuary |       0 |     512 | 100.0 |       0 |      39 | 100.0
     Bailey |       0 |     150 | 100.0 |       0 |       4 | 100.0
            +---------+---------+-------+---------+---------+-------
